 Dungeon Crawl Stone Soup version 0.27.0-1-g7a089689b8 (webtiles) character file.

Game seed: 10759731121661865407

2790 MajorAdolf the Sneak (level 9, 0/121 HPs)
             Began as a Naga Wanderer on Aug 12, 2021.
             Slain by a centaur (1 damage)
             ... on level 9 of the Dungeon.
             The game lasted 00:18:57 (10723 turns).

MajorAdolf the Sneak (Naga Wanderer)               Turns: 10723, Time: 00:18:58

Health: 0/121      AC: 24    Str: 19    XL:     9   Next: 71%
Magic:  15/16      EV:  1    Int: 14    God:
Gold:   424        SH: 10    Dex: 20    Spells: 13/17 levels left

rFire    . . .     SeeInvis +   a - +2 dagger
rCold    . . .     Faith    .   y - +0 buckler
rNeg     + + +     Spirit   .   (armour currently unavailable)
rPois    +         Reflect  +   (helmet currently unavailable)
rElec    .         Harm     .   (cloak currently unavailable)
rCorr    .         Rampage  .   (gloves currently unavailable)
Will     +....     NoTele   +   (no barding)
Stlth    ++++......             j - amulet of reflection
HPRegen  0.00/turn              e - +6 ring of strength
MPRegen  0.15/turn              d - +6 ring of dexterity

@: tree-form, inhibited regen
A: stationary, stasis, torment immunity, boosted hp, AC +3, large, see
invisible, (deformed body), (poison resistance), (slowness 2), spit poison 1,
(naga tail 1), (horns 1), (cold resistance 1), inhibited regeneration
a: Spit Poison


You were on level 9 of the Dungeon.
You were a tree.
You visited 1 branch of the dungeon, and saw 9 of its levels.

You collected 424 gold pieces.

Inventory:

Hand Weapons
 a - a +2 dagger (weapon)
Armour
 c - a +0 robe (melded)
 n - a +0 cloak (melded)
 r - a +0 tower shield
 s - a +0 barding (melded)
 y - a +0 buckler (worn)
Jewellery
 d - a +6 ring of dexterity (right branch)
 e - a +6 ring of strength (left branch)
 h - a ring of ice
 j - an amulet of reflection (around neck)
Wands
 f - a wand of mindburst (10)
 m - a wand of flame (9)
Scrolls
 o - a scroll of amnesia {unknown}
 u - 3 scrolls of enchant weapon {unknown}
 v - a scroll of brand weapon {unknown}
 x - a scroll of magic mapping {unknown}
 z - a scroll of enchant armour {unknown}
 A - a scroll of immolation {unknown}
Potions
 b - 2 potions of haste
 i - a potion of magic
 l - a potion of might {unknown}
 p - 2 potions of degeneration
 q - 2 potions of brilliance {unknown}
 t - a potion of flight {unknown}
 w - a potion of heal wounds {unknown}


   Skills:
 + Level 5.4 Fighting
 - Level 1.0 Armour
 + Level 1.4 Dodging
 + Level 7.4 Stealth
 + Level 2.4 Shields
 + Level 4.9 Spellcasting
 + Level 4.2 Conjurations
 - Level 1.2 Transmutations
 + Level 4.3 Air Magic
 - Level 2.0 Earth Magic
 + Level 6.1 Poison Magic
 + Level 3.9 Evocations


You had 13 spell levels left.
You knew the following spells:

 Your Spells              Type           Power      Damage    Failure   Level
a - Sting                 Tmut/Pois      52%        1d5       3%          1
b - Mephitic Cloud        Conj/Pois/Air  17%        N/A       7%          3

Your spell library contained the following spells:

 Spells                   Type           Power      Damage    Failure   Level
 Passwall                 Tmut/Erth      5%         N/A       14%         2
 Wereblood                Tmut           6%         N/A       16%         2
 Portal Projectile        Hex/Tloc       6%         N/A       47%         3
 Blade Hands              Tmut           3%         N/A       96%         5
 Excruciating Wounds      Necr           1%         N/A       99%         5


Dungeon Overview and Level Annotations

Branches:
Dungeon (9/15)             Temple (0/1) D:4
   Lair: D:8-11         Orc: D:9-12

Altars:
Ashenzari
Dithmenos
Fedhas
Hepliaklqana
Sif Muna
Yredelemnul
The Shining One

Annotations:
D:3 Grinder
D:6 2 transporters, exclusions: hound, howler monkey and upstairs, Maggie; Sigmund; VincentAMV's ghost, novice OgBe
D:7 exclusions: cyclops and hound, Harold
D:8 1 runed translucent door, exclusions: wight and 1 more exclusion


Innate Abilities, Weirdness & Mutations

You are a tree.
Your roots penetrate the ground, keeping you stationary.
You cannot be teleported.
You are immune to unholy pain and torment.
Your maximum health is greatly increased.
Your equipment is partially melded.
((Your serpentine skin is tough. (AC +3)))
You have supernaturally acute eyesight. (SInv)
((Armour fits poorly on your strangely shaped body.))
((Your system is resistant to poisons. (rPois)))
((You cover ground very slowly.))
You can spit poison.
((You have a snake-like lower body.))
((You have a pair of small horns on your head.))
((Your flesh is cold resistant. (rC+)))
You do not regenerate when monsters are visible.


Message History

The arrow hits the centaur.
You start resting.
A centaur is nearby!
A centaur comes into view.
The centaur wields a +0 shortbow.
The centaur shoots an arrow.
You reflect the arrow off an invisible shield around you!
The arrow hits the centaur!
The centaur shoots an arrow.
The arrow closely misses you.
The centaur shoots an arrow.
The arrow completely misses you.
The centaur shoots an arrow.
The arrow hits you.
* * * LOW HITPOINT WARNING * * *
Okay, then.
The centaur shoots an arrow.
The arrow hits you.
* * * LOW HITPOINT WARNING * * *
The centaur shoots an arrow.
You reflect the arrow off an invisible shield around you!
The arrow hits the centaur!
The centaur unwields a +0 shortbow.
The centaur hits you but does no damage.
You block the centaur's attack.
The centaur unwields a +0 shortbow.
The centaur hits you.
* * * LOW HITPOINT WARNING * * *
The centaur kicks you.
* * * LOW HITPOINT WARNING * * *
The centaur hits you.
* * * LOW HITPOINT WARNING * * *
The centaur closely misses you.
Things that are here:
a +0 shortbow; 27 arrows Unknown command.
Unknown command.
Unknown command.
It was a potion of lignification.
You turn into a tree.
Your +0 cloak melds into your body.
Your +0 barding melds into your body.
Your +0 robe melds into your body.
Your roots penetrate the ground.
The centaur hits you but does no damage.
The centaur kicks you but does no damage.
The centaur hits you but does no damage.
The centaur kicks you.
You die...

#.... # #...###.#
.......... .
.#........ ....
....... ..
#..#.#####..#.##.#. .
#.................. ..
#..#.............#
..##
#..#######.♣#.##.#
...# #..# #...cc# #..#
#..# #.....#
...###..####.....#.
.....................
.....................
......................
##....#..##.###..#....
.................#.#..


You could see 2 centaurs.

Vanquished Creatures
  A wyvern (D:9)
  2 water moccasins
  A black bear (D:8)
  An ice beast (D:7)
  2 sky beasts (D:6)
  An ogre (D:4)
  4 centaurs
  Blork the orc (D:6)
  4 bullfrogs
  2 scorpions
  A water moccasin zombie (D:6)
  A water moccasin skeleton (D:5)
  8 killer bees
  A wight (D:8)
  A howler monkey (D:5)
  4 bullfrog zombies
  2 centaur zombies
  3 hounds
  2 bullfrog skeletons (D:6)
  An iron imp (D:4)
  3 iguanas
  2 orc wizards
  2 hound skeletons (D:4)
  3 gnolls
  5 adders
  2 shadow imps
  An ufetubus (D:6)
  3 dart slugs
  9 orcs
  3 ball pythons
  6 endoplasms
  5 goblins
  10 hobgoblins
  12 jackals
  4 quokkas
  A bat (D:2)
  6 frilled lizards
  4 goblin skeletons (D:5)
  2 goblin zombies (D:5)
  2 hobgoblin zombies (D:5)
  6 kobolds
  A kobold zombie (D:5)
  An orc skeleton (D:5)
  An orc zombie (D:5)
  4 rats
141 creatures vanquished.

Notes
Turn   | Place    | Note
-------+----------+-------------------------------------------
     0 | D:1      | MajorAdolf the Naga Wanderer began the quest for the Orb.
     0 | D:1      | MajorAdolf set off with the following items: a +2 dagger, a
                  | potion of haste, a +0 robe; and the following spell
                  | memorised: Sting; and the following spells available to
                  | memorise: Passwall, Wereblood, Mephitic Cloud
     0 | D:1      | Reached XP level 1. HP: 19/19 MP: 3/3
   227 | D:1      | Reached XP level 2. HP: 27/27 MP: 5/5
   754 | D:1      | Reached XP level 3. HP: 20/34 MP: 6/6
  1456 | D:2      | Found a faded altar of an unknown god.
  1692 | D:2      | Found a basalt altar of Yredelemnul.
  1935 | D:2      | Reached skill level 1 in Transmutations
  1935 | D:2      | Reached XP level 4. HP: 34/42 MP: 3/8
  1981 | D:2      | Learned a level 3 spell: Mephitic Cloud
  2846 | D:3      | You fall into a shaft and drop 3 floors!
  2847 | D:6      | Noticed a scorpion
  2847 | D:6      | Noticed a sky beast
  2853 | D:6      | Killed a scorpion
  2854 | D:6      | Reached skill level 1 in Air Magic
  2854 | D:6      | Reached XP level 5. HP: 36/49 MP: 3/9
  3011 | D:6      | Noticed Sigmund
  3019 | D:6      | Noticed Maggie
  3034 | D:6      | Reached skill level 1 in Conjurations
  3083 | D:6      | Noticed a water moccasin
  3092 | D:6      | Killed a water moccasin
  3093 | D:6      | Reached skill level 4 in Stealth
  3093 | D:6      | Reached XP level 6. HP: 36/57 MP: 10/10
  3343 | D:5      | Entered Level 5 of the Dungeon
  3372 | D:5      | Reached skill level 1 in Evocations
  3563 | D:6      | Reached XP level 7. HP: 56/63 MP: 4/12
  3926 | D:3      | Found a shadowy altar of Dithmenos.
  4073 | D:3      | Found a shimmering blue altar of Sif Muna.
  4157 | D:3      | Reached skill level 5 in Stealth
  4526 | D:3      | Found a basalt altar of Yredelemnul.
  4639 | D:3      | Noticed Grinder
  5315 | D:4      | Found a staircase to the Ecumenical Temple.
  5568 | D:4      | Reached XP level 8. HP: 71/73 MP: 13/13
  5786 | D:5      | Found a glowing golden altar of the Shining One.
  6034 | D:5      | Gained mutation: Your flesh is cold resistant. (rC+)
                  | [potion of mutation]
  6034 | D:5      | Gained mutation: You do not regenerate when monsters are
                  | visible. [potion of mutation]
  6034 | D:5      | Gained mutation: You passively map a small area around you.
                  | [potion of mutation]
  6374 | D:5      | Lost mutation: You do not regenerate when monsters are
                  | visible. [potion of mutation]
  6374 | D:5      | Lost mutation: You passively map a small area around you.
                  | [potion of mutation]
  6374 | D:5      | Gained mutation: You have a pair of small horns on your
                  | head. [potion of mutation]
  6374 | D:5      | Gained mutation: You do not regenerate when monsters are
                  | visible. [potion of mutation]
  7035 | D:5      | Found a broken altar of Ashenzari.
  7100 | D:6      | Reached skill level 1 in Shields
  7143 | D:6      | Noticed Blork the orc
  7373 | D:6      | Reached skill level 6 in Stealth
  7443 | D:6      | Killed Blork the orc
  7444 | D:6      | Reached skill level 5 in Poison Magic
  7655 | D:6      | Noticed VincentAMV's ghost (novice OgBe)
  7659 | D:6      | Identified the +6 dire flail "Embalmer" {vamp, Str+3}
  7659 | D:6      | Noticed a two-headed ogre
  7669 | D:6      | Found a transporter.
  8143 | D:6      | Reached XP level 9. HP: 80/80 MP: 8/15
  8197 | D:6      | Reached skill level 5 in Fighting
  8282 | D:6      | Found a transporter.
  8735 | D:7      | Noticed Harold
  8735 | D:7      | Noticed a cyclops
  8983 | D:7      | Found a blossoming altar of Fedhas.
  9148 | D:8      | Found a runed translucent door.
  9252 | D:8      | Reached skill level 7 in Stealth
  9612 | D:8      | Reached skill level 1 in Dodging
  9844 | D:8      | Found a hazy altar of Hepliaklqana.
 10722 | D:9      | HP: 4/81 [centaur (1)]
 10722 | D:9      | HP: 1/81 [centaur (2)]
 10723 | D:9      | Slain by a centaur

Illustrated notes

Levels and vault maps discovered:
D:1:      erik_arrival_cave_to_civilisation [erik_arrival_cave_to_temple],
          layout_basic
D:2:      layout_loops_corners, basic_altar,
          hellmonk_ecumenical_altar_prayer_group
D:3:      layout_loops_ring, nicolae_dithmenos_shadow_blocks,
          mainiacjoe_overflow_24_doors, mainiacjoe_overflow_alcove_4,
          uniq_grinder
D:4:      layout_basic, temple_statues, kennysheep_dice
D:5:      layout_gridville, cheibrodos_ashenzari_chains,
          nicolae_tso_besieged_by_evil, chequers_arboretum
D:6:      layout_cave_pools, gammafunk_ghost_smash, moated_statue, uniq_maggie,
          uniq_sigmund, uniq_blork_the_orc
D:7:      layout_rooms, general_overflow_altar, uniq_harold
D:8:      layout_basic, kennysheep_mini, lightli_church_of_beogh
D:9:      layout_basic, minmay_fractal_squares_diagonal_5, uniq_maurice

Skill      XL: |  1  2  3  4  5  6  7  8  9 |
---------------+----------------------------+-----
Fighting       | 3 4 5 |  5.4
Transmutations | 1 |  1.2
Poison Magic   | 2 3 4 5 6 |  6.1
Air Magic      | 1 2 3 4 |  4.3
Spellcasting   | 3 4 |  4.9
Conjurations   | 1 2 3 4 |  4.2
Stealth        | 4 5 6 7 |  7.4
Evocations     | 1 2 3 |  3.9
Shields        | 1 2 |  2.4
Dodging        | 1 |  1.4
Armour         | |  1.0
Earth Magic    | |  2.0

Action                   |  1- 3 |  4- 6 |  7- 9 || total
-------------------------+-------+-------+-------++-------
Melee: Dagger            |    27 |    42 |   238 ||   307
       Headbutt          |       |       |    41 ||    41
 Cast: Sting             |    39 |    29 |   190 ||   258
 Abil: Spit Poison       |     9 |     3 |    28 ||    40
Evoke: Wand              |       |    14 |     2 ||    16
  Use: Scroll            |       |       |     5 ||     5
       Potion            |       |       |     5 ||     5
 Stab: Sleeping          |     1 |       |       ||     1
Armor: Robe              |    10 |    20 |   195 ||   225
       Skin              |       |       |     3 ||     3
Dodge: Dodged            |    30 |    43 |   201 ||   274
Block: Other             |       |       |    32 ||    32
       Buckler           |       |       |    63 ||    63
       Reflection        |       |       |     6 ||     6
